 Dungeon Sprint DCSS version 0.22-a0-79-g605b837 (webtiles) character file.

62078 Kidiri the Eclecticist (level 13, -20/80 HPs)
             Began as a Deep Elf Fire Elementalist on Jan 17, 2018.
             Was the Champion of Vehumet.
             Engulfed by a cloud of freezing vapour (29 damage)
             ... in the Dungeon (Sprint III: "The Ten Rune Challenge").
             The game lasted 00:28:44 (4850 turns).

Kidiri the Eclecticist (Deep Elf Fire Elementalist) Turns: 4850, Time: 00:28:44

Health: -20/80     AC:  5    Str:  5    XL:     13   Next: 40%
Magic:  39/39      EV: 25    Int: 26    God:    Vehumet [******]
Gold:   68         SH:  0    Dex: 15    Spells: 0/52 levels left

rFire    . . .     SeeInvis .   r - +0 dagger
rCold    . . .     Gourm    .   (no shield)
rNeg     . . .     Faith    .   j - +0 robe (curse)
rPois    .         Spirit   .   i - +1 hat
rElec    .         Reflect  .   (no cloak)
rCorr    .         Harm     .   (no gloves)
MR       +....     NoTele   +   (no boots)
Stlth    ++........             (no amulet)
HPRegen  0.23/turn              v - +4 ring of evasion
MPRegen  0.26/turn              (no ring)

@: no status effects
A: hooves 2, horns 1, icy blue scales 1, evolution 1
}: 2/10 runes: serpentine, barnacled
a: Renounce Religion


You were in the Dungeon.
You worshipped Vehumet.
Vehumet was exalted by your worship.
You were not hungry.

You visited 1 branch You collected 68 gold pieces.

Inventory:

Hand Weapons
 r - a +0 dagger (weapon)
Armour
 a - a +0 robe
 f - a +0 large shield
 i - a +1 hat (worn)
 j - a cursed +0 robe (worn)
Jewellery
 v - a +4 ring of evasion (left hand)
Wands
 s - a wand of polymorph (14)
 t - a wand of scattershot (7)
Scrolls
 l - 3 scrolls of remove curse
 m - 2 scrolls of immolation
 n - a scroll of identify
 p - a scroll of torment
Potions
 b - a potion of might
 d - a potion of curing
 g - 2 potions of magic
 h - 2 potions of berserk rage
 k - 5 potions of mutation
 o - 3 potions of flight
 q - a potion of brilliance {unknown}
 u - a potion of invisibility {unknown}
Comestibles
 c - 15 rations
 w - 2 chunks of flesh


   Skills:
 + Level 9.3 Fighting
 - Level 11.0 Short Blades
 + Level 9.3 Armour
 + Level 13.1 Dodging
 - Level 2.4 Stealth
 + Level 0.8 Shields
 * Level 20.4 Spellcasting
 + Level 13.0 Conjurations
 + Level 13.3 Fire Magic
 + Level 10.5 Ice Magic
 + Level 11.0 Air Magic
 + Level 11.9 Poison Magic


You couldn't memorise any spells.
You knew the following spells:

 Your Spells              Type           Power        Failure   Level  Hunger
a - Flame Tongue          Conj/Fire      #####        0%          1    None
b - Throw Flame           Conj/Fire      ######       0%          2    None
c - Conjure Flame         Conj/Fire      #######.     0%          3    None
d - Inner Flame           Hex/Fire       ######..     1%          3    None
e - Sticky Flame          Conj/Fire      #######.     1%          4    None
f - Fireball              Conj/Fire      #######...   1%          5    None
g - Bolt of Fire          Conj/Fire      #######...   1%          6    #......
h - Fire Storm            Conj/Fire      #######...   71%         9    #######
i - Throw Frost           Conj/Ice       ######       0%          2    None
j - Throw Icicle          Conj/Ice       ######..     1%          4    None
k - Freezing Cloud        Conj/Ice/Air   ######....   1%          6    #......
l - Mephitic Cloud        Conj/Pois/Air  ######..     1%          3    None
m - Olgreb's Toxic Radia  Pois           ######..     1%          4    None


Dungeon Overview and Level Annotations

Branches:
Dungeon (1/1)

Altars:
Cheibriados
Dithmenos
Elyvilon
Fedhas
Gozag
Hepliaklqana
Kikubaaqudgha
Makhleb
Nemelex Xobeh
Okawaru
Qazlal
Ru
Sif Muna
Trog
Uskayaw
Vehumet
Wu Jian
Xom
Yredelemnul
Zin
The Shining One
Beogh
Jiyva
Lugonu

Shops:
D %}[!(}

Annotations:
D exclusions: 5 doors and 1 more exclusion


Innate Abilities, Weirdness & Mutations

You have hoof-like feet.
You have a pair of small horns on your head.
You are partially covered in icy blue scales. (AC +2)
You evolve.


Message History

There is an open door here.
You close the door.
You are engulfed in freezing vapours.
You are engulfed in freezing vapours.
You are engulfed in freezing vapours.
* * * LOW HITPOINT WARNING * * *
You see here 13 gold pieces.
Unknown command.
Okay, then.
Unknown command.
You feel much better.
You are engulfed in freezing vapours.
* * * LOW HITPOINT WARNING * * *
Unknown command.
You open the door.
You are engulfed in freezing vapours.
* * * LOW HITPOINT WARNING * * *
Unknown command.
There is an open door here.
Unknown command.
You are engulfed in freezing vapours.
You die...

+...#.#.§.#...#)..##.#.#.##...≈≈≈
▓▓▓▓▓▓▓▓▓▓▓▓▓▓▓▓▓▓#.#.#.#.#......
♣≈≈≈........≈≈≈...##.#.#.##......
'♣≈≈≈≈≈≈≈≈≈≈≈≈♣♣..'.#.#.#.#......
♣♣♣♣♣♣♣♣♣♣♣♣♣♣♣♣..##.#.#.########
♣♣ ♣.♣...##+#####*******
'♣♣♣♣♣♣♣♣♣♣♣♣.....#,,,+,≈≈≈≈**≈,≈
.##..##≈≈≈≈≈≈..#(|#,,,*,≈≈≈≈*≈,≈*
##.##.#≈≈≈≈≈...#@§#,,,*,*≈≈≈**,**
#.##(##'≈≈≈≈≈####§#****,*,≈≈≈***≈
#.##.).#≈≈..§...$§#,,,,,***≈≈≈≈≈≈
##.##..#≈..+#######,,,,,*,*,≈≈≈≈≈
##.#####...#...)).#,,,,,*+***≈≈≈≈
...##......#♣♣♣._)#,,,,,*,,,*,≈≈≈
#####+#############+*****,,,***≈≈
≈≈≈▓#...........##*,,,,,+,,,+,*,*
≈≈≈▓#............#*,*************


There were no monsters in sight!

Vanquished Creatures
  Rupert (D)
  Gastronok (D)
  Polyphemus (D)
  Ilsuiw (D)
  A nagaraja (D)
  2 dire elephants (D)
  A merfolk javelineer (D)
  A naga warrior (D)
  2 hydras (D)
  A centaur warrior (D)
  Erica (D)
  6 anacondas (D)
  4 death yaks (D)
  Urug (D)
  A death drake (D)
  An unseen horror (D)
  A spriggan druid (D)
  A sea snake (D)
  A deep elf mage (D)
  A lindwurm (D)
  2 elephants (D)
  4 black mambas (D)
  2 spiny frogs (D)
  A guardian serpent (D)
  A komodo dragon (D)
  A rime drake (D)
  A queen bee (D)
  3 wandering mushrooms (D)
  3 dream sheep (D)
  8 blink frogs (D)
  2 tyrant leeches (D)
  A shadow (D)
  3 redbacks (D)
  2 spriggans (D)
  A spatial vortex (D)
  A hydra simulacrum (D)
  2 nagas (D)
  6 water moccasins (D)
  A swamp drake (D)
  A fire dragon simulacrum (D)
  A black mamba simulacrum (D)
  A necrophage (D)
  2 centaurs (D)
  A water elemental (D)
  32 killer bees (D)
  An electric eel (D)
  A jelly (D)
  Jessica (D)
  A wizard (D)
  A necromancer (D)
  A wolf simulacrum (D)
  3 humans (D)
  A kobold demonologist (D)
  A wolf (D)
  An adder (D)
  An ooze (D)
  2 rats (D)
  6 plants (D)
134 creatures vanquished.

Vanquished Creatures (others)
  2 draconian scorchers (D)
  Nessos (D)
  6 hellions (D)
  3 yaktaurs (D)
  2 plants (D)
14 creatures vanquished.

Grand Total: 148 creatures vanquished

Notes
Turn   | Place    | Note
-------+----------+-------------------------------------------
     0 | D        | Kidiri the Deep Elf Fire Elementalist began the quest for the Orb.
     0 | D        | Reached XP level 1. HP: 10/10 MP: 6/6
     6 | D        | Reached skill level 4 in Spellcasting
    39 | D        | Killed a yaktaur
    71 | D        | Killed a hellion
    97 | D        | Noticed Jessica
    99 | D        | Killed Jessica
    99 | D        | Reached skill level 6 in Spellcasting
    99 | D        | Reached XP level 2. HP: 15/15 MP: 4/11
    99 | D        | Reached XP level 3. HP: 19/19 MP: 4/12
   102 | D        | Killed a hellion
   102 | D        | Killed a hellion
   103 | D        | Learned a level 2 spell: Throw Flame
   107 | D        | Learned a level 3 spell: Conjure Flame
   111 | D        | Learned a level 3 spell: Inner Flame
   129 | D        | Killed a hellion
   132 | D        | Killed a hellion
   133 | D        | Killed a hellion
   170 | D        | Reached skill level 7 in Spellcasting
   170 | D        | Reached skill level 5 in Fire Magic
   189 | D        | Gained mutation: Your magical capacity is low. (-10% MP) [potion of mutation]
   189 | D        | Gained mutation: You are partially covered in molten scales. (AC +2) [potion of mutation]
   190 | D        | Lost mutation: Your magical capacity is low. (-10% MP) [potion of mutation]
   190 | D        | Lost mutation: You are partially covered in molten scales. (AC +2) [potion of mutation]
   190 | D        | Gained mutation: You are partially covered in icy blue scales. (AC +2) [potion of mutation]
   190 | D        | Gained mutation: You evolve. [potion of mutation]
   190 | D        | Gained mutation: You have large cloven feet. [potion of mutation]
   190 | D        | Gained mutation: You have hoof-like feet. [potion of mutation]
   227 | D        | Killed a white draconian scorcher
   229 | D        | Killed a white draconian scorcher
   270 | D        | Noticed a water elemental
   273 | D        | Killed a water elemental
   273 | D        | Reached skill level 9 in Spellcasting
   273 | D        | Reached skill level 5 in Conjurations
   273 | D        | Reached XP level 4. HP: 24/24 MP: 11/17
   279 | D        | Learned a level 4 spell: Sticky Flame
   319 | D        | Found a radiant altar of Vehumet.
   320 | D        | Found a deep blue altar of Sif Muna.
   320 | D        | Found an ancient bone altar of Kikubaaqudgha.
   320 | D        | Noticed a wizard
   322 | D        | Killed a wizard
   322 | D        | Reached XP level 5. HP: 28/28 MP: 13/19
   324 | D        | Reached skill level 10 in Spellcasting
   336 | D        | Learned a level 5 spell: Fireball
   340 | D        | Learned a level 3 spell: Mephitic Cloud
   347 | D        | Became a worshipper of Vehumet
   390 | D        | Found a glowing silver altar of Zin.
   391 | D        | Found a glowing golden altar of the Shining One.
   391 | D        | Found a white marble altar of Elyvilon.
   391 | D        | Noticed a deep elf mage
   401 | D        | Killed a deep elf mage
   401 | D        | Reached skill level 11 in Spellcasting
   401 | D        | Reached XP level 6. HP: 36/36 MP: 3/22
   401 | D        | Reached XP level 7. HP: 40/40 MP: 3/24
   510 | D        | Found a hide-covered altar of Uskayaw.
   510 | D        | Found a roughly hewn altar of Beogh.
   510 | D        | Found an iron altar of Okawaru.
   510 | D        | Found a bloodstained altar of Trog.
   510 | D        | Found an ornate altar of the Wu Jian Council.
   510 | D        | Noticed a human
   510 | D        | Noticed a human
   516 | D        | Killed a human
   516 | D        | Reached skill level 5 in Dodging
   516 | D        | Reached skill level 12 in Spellcasting
   524 | D        | Killed a human
   524 | D        | Reached * piety under Vehumet
   524 | D        | Offered knowledge of Sting by Vehumet.
   626 | D        | Found a basalt altar of Yredelemnul.
   626 | D        | Found a shadowy altar of Dithmenos.
   626 | D        | Found a sacrificial altar of Ru.
   678 | D        | Noticed a shadow
   679 | D        | Reached ** piety under Vehumet
   679 | D        | Offered knowledge of Searing Ray by Vehumet.
   679 | D        | Reached XP level 8. HP: 46/46 MP: 18/26
   726 | D        | Found a blossoming altar of Fedhas.
   726 | D        | Found a stormy altar of Qazlal.
   727 | D        | Found a snail-covered altar of Cheibriados.
   727 | D        | Found a burning altar of Makhleb.
   727 | D        | Found a hazy altar of Hepliaklqana.
   727 | D        | Found a shimmering altar of Xom.
   727 | D        | Found an opulent altar of Gozag.
   727 | D        | Found a sparkling altar of Nemelex Xobeh.
   727 | D        | Found a corrupted altar of Lugonu.
   727 | D        | Found a viscous altar of Jiyva.
   749 | D        | Reached skill level 13 in Spellcasting
   749 | D        | Reached skill level 5 in Poison Magic
   848 | D        | Noticed Erica
   853 | D        | Killed Erica
   853 | D        | Offered knowledge of Throw Frost by Vehumet.
   853 | D        | Reached skill level 5 in Short Blades
   853 | D        | Reached skill level 5 in Air Magic
   859 | D        | Learned a level 2 spell: Throw Frost
   997 | D        | Noticed a centaur warrior
   999 | D        | Reached *** piety under Vehumet
  1002 | D        | Reached XP level 9. HP: 41/52 MP: 13/28
  1010 | D        | Killed a centaur warrior
  1010 | D        | Offered knowledge of Olgreb's Toxic Radiance by Vehumet.
  1010 | D        | Reached skill level 14 in Spellcasting
  1016 | D        | Learned a level 4 spell: Olgreb's Toxic Radiance
  1109 | D        | Noticed an unseen horror
  1134 | D        | Killed an unseen horror
  1134 | D        | Reached skill level 5 in Fighting
  1134 | D        | Reached skill level 5 in Armour
  1364 | D        | Reached **** piety under Vehumet
  1365 | D        | Offered knowledge of Throw Icicle by Vehumet.
  1366 | D        | Reached ***** piety under Vehumet
  1373 | D        | Reached ****** piety under Vehumet
  1376 | D        | Reached XP level 10. HP: 39/59 MP: 26/30
  1377 | D        | Reached skill level 15 in Spellcasting
  1384 | D        | Reached skill level 10 in Fire Magic
  1610 | D        | Learned a level 4 spell: Throw Icicle
  1673 | D        | Offered knowledge of Bolt of Fire by Vehumet.
  1681 | D        | Learned a level 6 spell: Bolt of Fire
  1737 | D        | Noticed a spiny frog
  1737 | D        | Noticed a spiny frog
  1739 | D        | Killed a spiny frog
  1739 | D        | Killed a spiny frog
  1739 | D        | Reached skill level 5 in Ice Magic
  1741 | D        | Reached skill level 10 in Conjurations
  1886 | D        | Reached skill level 16 in Spellcasting
  2016 | D        | Noticed a lindwurm
  2019 | D        | Killed a lindwurm
  2213 | D        | Noticed Urug
  2218 | D        | Killed Urug
  2218 | D        | Offered knowledge of Venom Bolt by Vehumet.
  2218 | D        | Reached XP level 11. HP: 66/66 MP: 14/33
  2345 | D        | Noticed an eight-headed hydra
  2345 | D        | Noticed an eight-headed hydra
  2347 | D        | Killed an eight-headed hydra
  2349 | D        | Killed an eight-headed hydra
  2349 | D        | Reached skill level 10 in Dodging
  2461 | D        | Offered knowledge of Freezing Cloud by Vehumet.
  2474 | D        | Learned a level 6 spell: Freezing Cloud
  2527 | D        | Reached skill level 17 in Spellcasting
  2581 | D        | Noticed Rupert
  2597 | D        | Killed Rupert
  2597 | D        | Offered knowledge of Ozocubu's Refrigeration by Vehumet.
  2722 | D        | Noticed a death yak
  2723 | D        | Noticed a death yak
  2731 | D        | Noticed a death yak
  2731 | D        | Killed a death yak
  2732 | D        | Killed a death yak
  2733 | D        | Noticed a death yak
  2734 | D        | Killed a death yak
  2734 | D        | Reached skill level 18 in Spellcasting
  2875 | D        | Killed a death yak
  2875 | D        | Reached skill level 10 in Poison Magic
  2875 | D        | Reached XP level 12. HP: 73/73 MP: 30/36
  2892 | D        | Noticed an azure jelly
  2892 | D        | Noticed an azure jelly
  2893 | D        | Noticed an azure jelly
  2893 | D        | Noticed an azure jelly
  2898 | D        | Offered knowledge of Bolt of Cold by Vehumet.
  3021 | D        | Noticed Polyphemus
  3027 | D        | Noticed Ilsuiw
  3031 | D        | Killed Polyphemus
  3048 | D        | Killed Ilsuiw
  3068 | D        | Killed Nessos
  3202 | D        | Found Tawah's Food Shoppe.
  3212 | D        | Found Fithuibae's Gadget Boutique.
  3213 | D        | Found Loikh's Antique Armour Emporium.
  3214 | D        | Noticed a merfolk javelineer
  3216 | D        | Killed a merfolk javelineer
  3216 | D        | Offered knowledge of Orb of Destruction by Vehumet.
  3249 | D        | Got a barnacled rune of Zot
  3320 | D        | Noticed a dire elephant
  3320 | D        | Noticed a dire elephant
  3320 | D        | Noticed Gastronok
  3322 | D        | Reached skill level 10 in Short Blades
  3322 | D        | Reached skill level 19 in Spellcasting
  3327 | D        | Killed a dire elephant
  3327 | D        | Killed Gastronok
  3327 | D        | Reached skill level 10 in Air Magic
  3331 | D        | Killed a dire elephant
  3586 | D        | Offered knowledge of Conjure Ball Lightning by Vehumet.
  3755 | D        | Noticed an anaconda
  3755 | D        | Noticed an anaconda
  3755 | D        | Noticed an anaconda
  3763 | D        | Killed an anaconda
  3764 | D        | Killed an anaconda
  3764 | D        | Reached XP level 13. HP: 67/79 MP: 17/38
  3859 | D        | Reached skill level 10 in Ice Magic
  3859 | D        | Offered knowledge of Fire Storm by Vehumet.
  3859 | D        | Offered knowledge of Shatter by Vehumet.
  3859 | D        | Offered knowledge of Tornado by Vehumet.
  3875 | D        | Reached skill level 20 in Spellcasting
  3980 | D        | Learned a level 9 spell: Fire Storm
  4127 | D        | Noticed a nagaraja
  4135 | D        | Killed a nagaraja
  4280 | D        | Gained mutation: You have a pair of small horns on your head. [evolution]
  4651 | D        | Found Cesygub's Distillery.
  4651 | D        | Found Kazxelih's Antique Weapon Shoppe.
  4655 | D        | Found Suyrghasi's Gadget Boutique.
  4674 | D        | Got a serpentine rune of Zot
  4818 | D        | Found a blossoming altar of Fedhas.
  4850 | D        | Engulfed by a cloud of freezing vapour

Vault maps used:
D:        dungeon_sprint_mu

Skill      XL: |  1  2  3  4  5  6  7  8  9 10 11 12 13 |
---------------+----------------------------------------+-----
Spellcasting   | 6 9 11 12 13 14 16 18 19 20 | 20.4
Conjurations   | 3 5 7 8 9 10 11 12 13 | 13.0
Fire Magic     | 4 6 7 8 9 10 11 12 13 | 13.3
Fighting       | 2 3 4 5 6 7 8 9 |  9.3
Short Blades   | 3 4 5 6 7 9 10 11 | 11.0
Armour         | 2 3 4 5 6 7 8 9 |  9.3
Dodging        | 4 5 7 8 9 11 12 13 | 13.1
Air Magic      | 3 4 5 6 7 9 10 11 | 11.0
Poison Magic   | 3 4 5 7 8 10 11 | 11.9
Ice Magic      | 3 6 8 9 10 | 10.5
Stealth        | |  2.4
Shields        | |  0.8

Action                   |  1- 3 |  4- 6 |  7- 9 | 10-12 | 13-15 || total
-------------------------+-------+-------+-------+-------+-------++-------
Melee: Dagger            |       |       |    12 |    23 |     1 ||    36
       Kick              |       |       |     2 |     7 |       ||     9
 Cast: Flame Tongue      |    16 |     8 |    43 |    32 |     3 ||   102
       Throw Flame       |     3 |       |       |     3 |       ||     6
       Conjure Flame     |     1 |       |     4 |     5 |       ||    10
       Sticky Flame      |       |     3 |    10 |     6 |     8 ||    27
       Mephitic Cloud    |       |     2 |     3 |     1 |       ||     6
       Inner Flame       |       |       |     4 |       |       ||     4
       Fireball          |       |       |     2 |     2 |     4 ||     8
       Olgreb's Toxic Ra |       |       |     2 |     4 |     2 ||     8
       Bolt of Fire      |       |       |       |    64 |    20 ||    84
       Throw Icicle      |       |       |       |     3 |       ||     3
       Freezing Cloud    |       |       |       |     2 |       ||     2
  Use: Potion            |     2 |       |       |     3 |     2 ||     7
       Scroll            |       |       |       |     6 |       ||     6
 Stab: Sleeping          |       |       |       |     1 |       ||     1
  Eat: Chunk             |       |       |     1 |     4 |     3 ||     8
       Ration            |       |       |       |     3 |     1 ||     4
Armor: Robe              |       |     1 |     2 |     1 |       ||     4
Dodge: Dodged            |     3 |       |    15 |    43 |    31 ||    92

Table legend:
 A = Spawn XP
 B = Non-spawn XP
 C = Spawn XP percentage of total XP
 D = Spawn monster count
 E = Non-spawn monster count
 F = Spawn count percentage of total count
 G = Total turns spent on level
                    A         B        C        D         E        F      G
               +---------+---------+-------+---------+---------+-------+---------
         Total |       0 |   48683 |   0.0 |       0 |     128 |   0.0 |  4850
               +---------+---------+-------+---------+---------+-------+---------
             D |       0 |   48683 |   0.0 |       0 |     128 |   0.0 |  4850
               +---------+---------+-------+---------+---------+-------+---------
